 Dungeon Crawl Stone Soup version 0.25.1-8-g42b30a86e7 (webtiles) character file.

Game seed: 7747176241501173080

185 raphaelitos the Skirmisher (level 5, -2/48 HPs)
             Began as a Minotaur Fighter on Dec 19, 2020.
             Slain by Crazy Yiuf
             ... wielding a +4 quarterstaff of chaos
              (10 damage)
             ... on level 3 of the Dungeon.
             The game lasted 00:06:09 (3088 turns).

raphaelitos the Skirmisher (Minotaur Fighter)       Turns: 3088, Time: 00:06:10

Health: -2/48      AC:  7    Str: 22    XL:     5   Next: 37%
Magic:  4/4        EV:  3    Int:  5    God:
Gold:   103        SH: 10    Dex:  9    Spells: 4/4 levels left

rFire    . . .     SeeInvis .   w - +1 mace (vorpal)
rCold    . . .     Gourm    .   c - +0 kite shield
rNeg     . . .     Faith    .   b - +0 scale mail
rPois    .         Spirit   .   q - +0 hat
rElec    .         Reflect  .   (no cloak)
rCorr    .         Harm     .   (no gloves)
MR       +....                  (no boots)
Stlth    ..........             (no amulet)
HPRegen  0.16/turn              i - ring of protection from magic
MPRegen  0.09/turn              o - -4 ring of evasion (curse)

@: lethally poisoned (-2 -> -7)
A: retaliatory headbutt, horns 2
a: no special abilities


You were on level 3 of the Dungeon.
You were not hungry.

You visited 1 branch of the dungeon, and saw 3 of its levels.

You collected 103 gold pieces.

Inventory:

Hand Weapons
 a - a +0 long sword
 w - a +1 vorpal mace (weapon)
 x - a +0 mace of holy wrath
Missiles
 p - 30 arrows
 r - 21 sling bullets
Armour
 b - a +0 scale mail (worn)
 c - a +0 kite shield (worn)
 q - a +0 hat (worn)
Jewellery
 i - a ring of protection from magic (left hand)
 o - a cursed -4 ring of evasion (right hand)
Wands
 l - a wand of digging (3)
Scrolls
 s - 4 scrolls of teleportation {unknown}
 t - a scroll of remove curse {unknown}
 u - a scroll of fog {unknown}
 v - a scroll of enchant armour {unknown}
Potions
 d - 3 potions of might
 e - 2 potions of stabbing
 g - a potion of lignification {unknown}
 h - 2 potions of curing {unknown}
 j - a potion of haste {unknown}
 k - a potion of flight {unknown}
 n - a potion of degeneration {unknown}
Comestibles
 f - 5 rations
 m - 6 chunks of flesh


   Skills:
 + Level 5.1 Fighting
 + Level 4.2 Long Blades
 + Level 4.1 Armour
 + Level 0.3 Dodging
 + Level 4.9 Shields


You had 4 spell levels left.
You didn't know any spells.
Your spell library was empty.

Dungeon Overview and Level Annotations

Branches:
Dungeon (3/15)

Altars:
Elyvilon
Fedhas
Nemelex Xobeh

Annotations:
D:3 Crazy Yiuf


Innate Abilities, Weirdness & Mutations

You reflexively headbutt those who attack you in melee.
You have a pair of horns on your head.


Message History

Crazy Yiuf is heavily wounded.
Crazy Yiuf hits you with a +4 quarterstaff of chaos!
You are poisoned.
Crazy Yiuf cries, "Whippet!
Scoff infinity broken."
Crazy Yiuf hits you but does no damage.
Your shield and scale mail prevent you from hitting Crazy Yiuf.
Crazy Yiuf is heavily wounded.
You feel sick.
Crazy Yiuf says, "Liver turtle koolooloo!"
Crazy Yiuf hits you with a +4 quarterstaff of chaos.
* * * LOW HITPOINT WARNING * * *
Crazy Yiuf freezes you.
* * * LOW HITPOINT WARNING * * *
Okay, then.
You closely miss Crazy Yiuf.
You headbutt Crazy Yiuf, but do no damage.
Crazy Yiuf is heavily wounded.
You feel sick. You block Crazy Yiuf's attack.
Crazy Yiuf hits you with a +4 quarterstaff of chaos!
You die...

#.# #.##.#..#..###
#.##.##.##.#.
#.####.##.#..#..#
#.##.##.##.#.
.....<.##.#..#..#
#.......##...
........#########
####.##.####.
........# #.##.####.
........# #)........
........##♣♣ ###
#)....###.
######..#..♣♣ ♣♣#)))#
#)##..# #.
######......♣♣♣♣@g)).#
#.##..# #.
.............♣).♣#)))#
#.....###.
........#..)♣)♣♣♣ ###
#.........
######..##♣♣♣♣♣
########## #......#
#.###### #.# ##.# ...#


You could see Crazy Yiuf.

Vanquished Creatures
  An orc wizard (D:3)
  5 adders
  An ooze (D:2)
  A worm (D:2)
  6 dart slugs
  A leopard gecko (D:2)
  6 orcs (D:3)
  2 ball pythons
  2 giant cockroaches (D:3)
  4 goblins
  8 hobgoblins
  12 jackals
  10 kobolds
  2 quokkas
  11 bats
  5 frilled lizards
  9 rats
86 creatures vanquished.

Notes
Turn   | Place    | Note
-------+----------+-------------------------------------------
     0 | D:1      | raphaelitos the Minotaur Fighter began the quest for the
                  | Orb.
     0 | D:1      | Reached XP level 1. HP: 19/19 MP: 0/0
   100 | D:1      | Reached skill level 4 in Fighting
   110 | D:1      | Reached XP level 2. HP: 21/27 MP: 1/1
   639 | D:1      | Reached XP level 3. HP: 28/33 MP: 2/2
  1404 | D:2      | Reached XP level 4. HP: 35/41 MP: 3/3
  2636 | D:3      | Found a sparkling altar of Nemelex Xobeh.
  2692 | D:3      | Reached XP level 5. HP: 47/47 MP: 4/4
  2709 | D:3      | Found a runed translucent door.
  2710 | D:3      | Noticed Crazy Yiuf
  2797 | D:3      | Found a white marble altar of Elyvilon.
  2798 | D:3      | Found a blossoming altar of Fedhas.
  2869 | D:3      | Reached skill level 5 in Fighting
  3088 | D:3      | Slain by Crazy Yiuf

Illustrated notes

Levels and vault maps discovered:
D:1:      onia_arrival_mini_spirals, layout_basic
D:2:      layout_loops_ring, serial_glass, glass_columns_a, glass_columns_a,
          glass_columns_a, glass_columns_a, glass_columns_a
D:3:      layout_basic, nicolae_overflow_hidden_temple, first_ration,
          minmay_strange_pillars, uniq_crazy_yiuf_cottage

Skill      XL: |  1  2  3  4  5 |
---------------+----------------+-----
Fighting       | 4 5 |  5.1
Shields        | 4 |  4.9
Armour         | 4 |  4.1
Long Blades    | 3 4 |  4.2
Dodging        | |  0.3

Action                   |  1- 3 |  4- 6 || total
-------------------------+-------+-------++-------
Melee: Long sword        |   116 |   130 ||   246
       Headbutt          |    18 |    19 ||    37
       Mace              |       |     6 ||     6
  Use: Scroll            |     1 |     1 ||     2
  Eat: Chunk             |     2 |     5 ||     7
Armor: Scale mail        |    59 |    77 ||   136
Dodge: Dodged            |    50 |    15 ||    65
Block: Kite shield       |    62 |    82 ||   144
       Rpst.: Long sword |    16 |     6 ||    22
